 Dungeon Crawl Stone Soup version 0.31-a0-182-gc5ef74bbde (webtiles) character file.

Game seed: 11247023562682857592

90052 qw the Severer (level 15, -8/96 HPs)
             Began as a Gargoyle Fighter on June 20, 2023.
             Was an Elder of Okawaru.
             Killed by divine providence
             ... invoked by an orc priest
              (13 damage)
             ... on level 2 of the Orcish Mines.
             The game lasted 00:13:07 (24428 turns).

qw the Severer (Gargoyle Fighter)                  Turns: 24428, Time: 00:13:08

Health: -8/96      AC: 31    Str: 33    XL:     15   Next: 99%
Magic:  20/20      EV: 12    Int:  9    God:    Okawaru [****..]
Gold:   2484       SH: 16    Dex: 15    Spells: 14/14 levels left

rFire   + . .        B - +1 broad axe
rCold   + . .        t - +2 kite shield
rNeg    + . .        u - +4 plate armour
rPois   inf          p - +1 hat "Beunnang" {rF+ rC+}
rElec   +            a - +0 cloak
rCorr   .            (no gloves)
SInv    .            y - +0 pair of boots
Will    +....        q - amulet of faith Stlth
                     C - +6 ring of strength
HPRegen 0.36/turn    w - +6 ring of dexterity
MPRegen 0.17/turn

%: faith
@: about to teleport, heroic, flying
A: sickness immunity, AC +11, big wings, negative energy resistance 1,
electricity resistance, torment resistance 1, petrification resistance, deformed
body, low MP 1
a: Renounce Religion, Heroism, Finesse


You were on level 2 of the Orcish Mines.
You worshipped Okawaru.
Okawaru was greatly pleased with you.
You visited 4 branches of the dungeon, and saw 23 of its levels.

You collected 3057 gold pieces.
You spent 573 gold pieces at shops.


Innate Abilities, Weirdness & Mutations

You are immune to sickness and miasma.
Your stone body is resilient. (AC +11)
You are immune to poison.
Your large and strong wings let you fly.
You resist negative energy. (rN+)
You are resistant to electric shocks. (rElec)
You are resistant to unholy torment.
You are immune to petrification.
Armour fits poorly on your strangely shaped body.
Your magical capacity is low. (-10% MP)


   Skills:
 - Level 12.0(17.0) Fighting
 - Level 16.0(21.0) Axes
 - Level 9.7(14.7) Throwing
 + Level 10.0(15.0) Armour
 - Level 4.0(9.0) Dodging
 - Level 12.7(17.7) Shields
 - Level 10.0 Invocations


You had 14 spell levels left.
You didn't know any spells.
Your spell library was empty.

Inventory:

Hand Weapons
 B - a +1 broad axe (weapon)
 D - a +2 hand axe of flaming
Missiles
 v - 34 boomerangs (quivered)
 x - a javelin
Armour
 a - a +0 cloak (worn)
 e - +0 ice dragon scales
 h - a +2 helmet
 p - the +1 hat "Beunnang" (worn) {rF+ rC+}
   (Okawaru gifted it to you on level 11 of the Dungeon)

   rF:        It protects you from fire.
   rC:        It protects you from cold.
 t - a +2 kite shield (worn)
 u - a +4 plate armour (worn)
 y - a +0 pair of boots (worn)
 z - +0 acid dragon scales
 A - +0 fire dragon scales
Jewellery
 l - a ring of fire
 o - the amulet "Fybehul" {Reflect rPois rF+ rN+ Str+2 SH+5}
   (You found it on level 5 of the Dungeon)

   [amulet of reflection]

   It reflects blocked missile attacks.
   Str:       It affects your strength (+2).
   rF:        It protects you from fire.
   rPois:     It protects you from poison.
   rN:        It protects you from negative energy.
   SH:        It affects your SH (+5).
 q - an amulet of faith (around neck)
 w - a +6 ring of dexterity (right hand)
 C - a +6 ring of strength (left hand)
 E - a ring of ice
 Y - a ring of protection from cold
Wands
 G - a wand of digging (7)
Scrolls
 b - 8 scrolls of identify
 s - 7 scrolls of teleportation
Potions
 c - 7 potions of lignification
 d - 3 potions of might
 f - 3 potions of curing
 g - 5 potions of heal wounds
 i - a potion of resistance
 j - 2 potions of enlightenment
 k - 4 potions of haste
 m - 3 potions of attraction
 r - a potion of mutation

Dungeon Overview and Level Annotations

Branches:
Dungeon (15/15)            Temple (1/1) D:4            Lair (5/5) D:9
 Shoals (0/4) Lair:2       Spider (0/4) Lair:2        Slime (0/5) Lair:4
    Orc (2/2) D:10            Elf (0/3) Orc:2        Vaults (0/5) D:13
 Depths (0/4) D:15

Altars:
Ashenzari
Cheibriados
Dithmenos
Elyvilon
Fedhas
Gozag
Hepliaklqana
Kikubaaqudgha
Makhleb
Nemelex Xobeh
Okawaru
Qazlal
Ru
Sif Muna
Trog
Uskayaw
Vehumet
Wu Jian
Xom
Yredelemnul
Zin
The Shining One
Jiyva

Shops:
D:4 :*   D:5 ?   D:6 (   D:10 (   D:13 *   Orc:2 *!

Portals:
Trove: D:14 (show abyssal rune of Zot)

Annotations:
D:12 1 runed translucent door
Lair:4 3 runed translucent doors, qw's ghost, journeyman GrFi


Message History

You block the orc knight's attack. You block the orange demon's attack.
The orange demon hits you but does no damage.
You slash the red devil!
You kill the red devil!
The red devil disappears in a puff of smoke!
You slice the orange demon!!
The orc knight hits you from afar with a +3 bardiche!
You block the orange demon's attack. x2; The orc high priest closely misses you.
You slash the orange demon!
The orange demon is severely wounded.
You hit the chaos spawn but do no damage.
The chaos spawn gores you but does no damage.
You hit the orange demon.
The orange demon is almost dead.
You closely miss the chaos spawn.
The orc priest no longer looks unusually strong.
The orc knight hits you but does no damage.
You block the orange demon's attack.
The orange demon hits you but does no damage.
You block the orc high priest's attack. You block the orc warrior's attack.
You slash the orange demon!
You kill the orange demon!
Okawaru accepts your kill.
You hit the chaos spawn but do no damage.
You block the chaos spawn's attack. You block the orc warrior's attack.
The orc knight roars a battlecry!
The orc priest goes into a battle-frenzy!
You block the orc high priest's attack.
You barely miss the orc knight. You hit the chaos spawn.
You block the chaos spawn's attack. You block the orc warrior's attack.
You block the orc knight's attack.
The orc high priest hits you from afar with a +4 trident!
24428 ||| READING 8 scrolls of teleportation.
As you read the scroll of teleportation, it crumbles to dust.
You feel strangely unstable. You block the chaos spawn's attack.
You block the orc warrior's attack.
The orc knight hits you from afar with a +3 bardiche!
The orc priest mumbles some strange prayers to Beogh against you.
Beogh smites you!
You die...

# ##.#..........#### # ###
##.#..##......#.# ### ###
##.###....##.......... #.###.####
#...###...............
...#...#.####.## ##.........###..
....#.#...#.#.####...#...#.#####.
......##.#...ooo###.......###..#.
.............oo4)#.........#.....
>)..........##o.@(...............
..........######o................
........... ##.#.................
............#....................
.#...##....###...................
###..###.......).[............#..
# ##..###......[[[..........)[#..
##..###.......................
##).###...............[......


You could see 2 orc knights, an orc high priest (strong), a chaos spawn
(summoned), an orc warrior (strong) and 3 orc priests.

Vanquished Creatures
  Rupert (D:12)
  Kirke (D:14)
  Nessos (Lair:5)
  Azrael (D:14)
  Snorg (D:11)
  Fannar (D:12)
  Josephine (D:12)
  A fire dragon (Lair:5)
  2 ice dragons (D:15)
  A boulder beetle (D:13)
  2 hydras
  A catoblepas (Lair:5)
  A centaur warrior (D:15)
  A death knight (D:14)
  8 two-headed ogres
  An orc high priest (Orc:1)
  A deep elf knight (D:13)
  Urug (Lair:2)
  4 skeletal warriors
  A skyshark (Lair:2)
  Pikel (D:4)
  A swamp dragon (Lair:5)
  5 deep elf pyromancers
  2 deep elf zephyrmancers (D:13)
  6 orc knights
  A wolf spider (Lair:5)
  2 cyclopes
  2 manticores
  20 ugly things
  17 elephants
  A guardian serpent (Lair:5)
  9 black mambas
  15 cane toads
  2 gargoyles
  An orange demon (Orc:2)
  3 centaur skeletons (D:13)
  4 rime drakes
  2 kobold demonologists
  2 unseen horrors
  A yaktaur (shapeshifter) (D:15)
  An efreet (D:14)
  2 yaktaurs (D:13)
  An ice devil (Orc:2)
  8 komodo dragons
  5 trolls
  2 polar bears
  A blink frog (shapeshifter) (D:15)
  15 blink frogs
  3 meliai (D:13)
  3 hornets (Lair:5)
  2 dream sheep (D:8)
  12 slime creatures
  2 spriggans (Lair:2)
  A shadow (D:10)
  A jumping spider (Lair:2)
  2 centaur simulacra
  6 wraiths
  A vampire (D:10)
  3 fire elementals (D:14)
  10 wyverns
  A basilisk (D:9)
  37 yaks
  4 vampire mosquitoes
  6 hogs (D:14)
  A steam dragon (D:6)
  6 wargs
  5 acid dragons
  2 swamp drakes (Lair:5)
  28 water moccasins
  3 hell hounds (D:14)
  2 ice beasts
  4 black bears
  A sky beast (D:8)
  41 orc warriors
  14 ogres
  3 wolves (Lair:2)
  6 centaurs
  2 phantoms
  6 kobold brigands
  13 bullfrogs
  A gnoll sergeant (D:9)
  2 scorpions
  13 wights
  5 killer bees (D:10)
  An electric eel (Orc:1)
  19 orc priests
  3 hounds
  3 gnoll boudas
  A jelly (D:6)
  8 iguanas
  2 sleepcaps (D:4)
  Terence (D:3)
  20 orc wizards
  A boggart skeleton (D:13)
  Robin (D:4)
  11 gnolls
  10 adders
  A shadow imp (D:8)
  6 white imps
  3 ufetubi
  A worm (D:2)
  3 dart slugs
  90 orcs
  6 bats
  7 endoplasms
  3 giant cockroaches
  11 goblins
  8 hobgoblins
  23 kobolds
  2 quokkas
  9 ball pythons
  6 frilled lizards
  6 rats
682 creatures vanquished.

Vanquished Creatures (others)
  An ogre mage (D:13)
  A warg (D:15)
2 creatures vanquished.

Grand Total: 684 creatures vanquished

Notes
Turn   | Place    | Note
-------+----------+-------------------------------------------
     0 | D:1      | qw the Gargoyle Fighter began the quest for the Orb.
     0 | D:1      | Reached XP level 1. HP: 14/14 MP: 1/1
     0 | D:1      | 0 ||| qw: Version: 0.3-a-9-g12657ce
     0 | D:1      | 0 ||| qw: Game counter: 1470
     0 | D:1      | 0 ||| qw: Always use a shield: true
     0 | D:1      | 0 ||| qw: God list: Okawaru
     0 | D:1      | 0 ||| qw: Allow faded altars: false
     0 | D:1      | 0 ||| qw: Do Orc after D:15 true
     0 | D:1      | 0 ||| qw: Do second Lair branch before Depths: true
     0 | D:1      | 0 ||| qw: Lair rune preference: random
     0 | D:1      | 0 ||| qw: Plans: Normal, Zot:1-4, Slime:5, God:TSO, Crypt,
                  | Tomb, Abyss, Pan, Hells, Win
     0 | D:1      | 0 ||| PLANNING D:1-11
    32 | D:1      | Reached skill level 2 in Axes
    44 | D:1      | 44 ||| Stepping ~*~*~tactically~*~*~ (stealth).
    90 | D:1      | 90 ||| Stepping ~*~*~tactically~*~*~ (stealth).
    93 | D:1      | Reached XP level 2. HP: 19/19 MP: 2/2
   528 | D:1      | Reached skill level 3 in Axes
   571 | D:1      | Reached XP level 3. HP: 23/23 MP: 3/3
   575 | D:1      | 575 ||| Stepping ~*~*~tactically~*~*~ (stealth).
   656 | D:1      | 656 ||| UPGRADING to +0 chain mail.
   666 | D:1      | 666 ||| DROPPING +0 scale mail.
   667 | D:1      | 667 ||| READING scroll labelled GYAQADD RUBOTH.
   668 | D:1      | 668 ||| READING scroll labelled HUCYRA VIJEQEA.
   669 | D:1      | 669 ||| DRINKING 2 white potions.
   669 | D:1      | Reached skill level 9 in Throwing
   669 | D:1      | Reached XP level 4. HP: 28/28 MP: 4/4
   670 | D:1      | 670 ||| DRINKING potion of experience.
   670 | D:1      | Reached skill level 9 in Axes
   670 | D:1      | Reached XP level 5. HP: 32/32 MP: 5/5
   680 | D:2      | 680 ||| Stepping ~*~*~tactically~*~*~ (hiding).
   684 | D:2      | 684 ||| Stepping ~*~*~tactically~*~*~ (hiding).
   782 | D:2      | 782 ||| Stepping ~*~*~tactically~*~*~ (hiding).
   802 | D:2      | Found a faded altar of an unknown god.
  1612 | D:2      | 1612 ||| UPGRADING to +0 kite shield.
  1622 | D:2      | 1622 ||| DROPPING +0 buckler.
  1623 | D:2      | 1623 ||| UPGRADING to ring of protection from cold.
  1624 | D:2      | 1624 ||| READING 2 scrolls labelled OLYICA LAM DOQ.
  1625 | D:2      | 1625 ||| READING scroll labelled OGIOTSY GIMOU.
  1873 | D:3      | 1873 ||| Stepping ~*~*~tactically~*~*~ (stealth).
  2034 | D:3      | 2034 ||| Stepping ~*~*~tactically~*~*~ (stealth).
  2044 | D:3      | 2044 ||| Stepping ~*~*~tactically~*~*~ (hiding).
  2045 | D:3      | 2045 ||| Stepping ~*~*~tactically~*~*~ (hiding).
  2046 | D:3      | 2046 ||| Stepping ~*~*~tactically~*~*~ (hiding).
  2237 | D:3      | Noticed Terence
  2242 | D:3      | Killed Terence
  2352 | D:3      | Reached XP level 6. HP: 37/37 MP: 6/6
  2640 | D:3      | 2640 ||| READING scroll labelled YRHUPRUMOE.
  2641 | D:3      | 2641 ||| READING 3 scrolls labelled LIHIJE REMMEESS.
  2642 | D:3      | 2642 ||| READING scroll labelled GUW SENEHO.
  2646 | D:3      | 2646 ||| READING 2 scrolls of identify.
  2646 | D:3      | 2646 ||| IDENTIFYING sedimented blue potion
  2647 | D:3      | 2647 ||| DROPPING 2 scrolls of summoning.
  2680 | D:4      | Noticed Pikel
  2681 | D:4      | 2681 ||| Stepping ~*~*~tactically~*~*~ (stealth).
  2697 | D:4      | Killed Pikel
  2698 | D:4      | Reached XP level 7. HP: 37/41 MP: 7/7
  2812 | D:4      | 2812 ||| Stepping ~*~*~tactically~*~*~ (hiding).
  2839 | D:4      | 2839 ||| Stepping ~*~*~tactically~*~*~ (stealth).
  2840 | D:4      | 2840 ||| Stepping ~*~*~tactically~*~*~ (stealth).
  2880 | D:4      | Found a basalt altar of Yredelemnul.
  3008 | D:4      | Found Wokleuva's CLEARANCE SALE!.
  3016 | D:4      | 3016 ||| BUYING +0 flail (24 gold).
  3016 | D:4      | Bought a +0 flail for 24 gold pieces
  3016 | D:4      | 3016 ||| BUYING scroll of enchant armour (52 gold).
  3016 | D:4      | Bought a scroll of enchant armour for 52 gold pieces
  3016 | D:4      | 3016 ||| DROPPING +4 whip.
  3025 | D:4      | Reached XP level 8. HP: 48/48 MP: 8/8
  3053 | D:4      | 3053 ||| Stepping ~*~*~tactically~*~*~ (hiding).
  3209 | D:4      | Found Xamiymme's Book Shoppe.
  3338 | D:4      | Noticed Robin
  3346 | D:4      | Killed Robin
  3451 | D:4      | 3451 ||| READING scroll of enchant weapon.
  3451 | D:4      | 3451 ||| ENCHANTING +1 war axe.
  3503 | D:4      | Found a staircase to the Ecumenical Temple.
  3504 | D:4      | 3504 ||| PLANNING TEMPLE
  3504 | D:4      | 3504 ||| UPGRADING to +0 helmet.
  3509 | D:4      | 3509 ||| READING 2 scrolls of enchant armour.
  3509 | D:4      | 3509 ||| ENCHANTING +0 helmet.
  3510 | D:4      | 3510 ||| READING scroll of enchant armour.
  3510 | D:4      | 3510 ||| ENCHANTING +1 helmet.
  3511 | D:4      | 3511 ||| UPGRADING to amulet of the acrobat.
  3516 | D:4      | 3516 ||| READING scroll labelled VATUIGGERU.
  3517 | D:4      | 3517 ||| READING 4 scrolls of identify.
  3517 | D:4      | 3517 ||| IDENTIFYING black potion
  3518 | D:4      | 3518 ||| READING 3 scrolls of identify.
  3518 | D:4      | 3518 ||| IDENTIFYING fizzy grey potion
  3519 | D:4      | 3519 ||| READING 2 scrolls of identify.
  3519 | D:4      | 3519 ||| IDENTIFYING ruby potion
  3520 | D:4      | 3520 ||| DROPPING potion of invisibility.
  3521 | D:4      | 3521 ||| DROPPING potion of degeneration.
  3526 | Temple   | Entered the Ecumenical Temple
  3636 | Temple   | 3636 ||| PLANNING D:1-11
  3815 | D:5      | Entered Level 5 of the Dungeon
  3975 | D:5      | 3975 ||| READING scroll of enchant weapon.
  3975 | D:5      | 3975 ||| ENCHANTING +2 war axe.
  4050 | D:5      | Found Lamnirgh's Magic Scroll Boutique.
  4059 | D:5      | 4059 ||| BUYING scroll of enchant armour (105 gold).
  4059 | D:5      | Bought a scroll of enchant armour for 105 gold pieces
  4059 | D:5      | 4059 ||| SHOPLISTING scroll of enchant weapon (105 gold,
                  | have 13).
  4059 | D:5      | 4059 ||| SHOPLISTING scroll of identify (28 gold, have 13).
  4059 | D:5      | 4059 ||| SHOPLISTING scroll of teleportation (42 gold, have
                  | 13).
  4071 | D:5      | Found a hazy altar of Hepliaklqana.
  4234 | D:5      | Found a broken altar of Ashenzari.
  4292 | D:5      | Identified the amulet "Fybehul" {Reflect rPois rF+ rN+
                  | Str+2 SH+5}
  4462 | D:5      | Reached skill level 6 in Shields
  4729 | D:5      | 4729 ||| UPGRADING to amulet "Fybehul" {Reflect rPois rF+
                  | rN+ Str+2 SH+5}.
  4739 | D:5      | 4739 ||| DROPPING amulet of the acrobat.
  4740 | D:5      | 4740 ||| READING scroll labelled CYTOLLARPHU.
  4770 | D:5      | 4770 ||| READING 2 scrolls of identify.
  4770 | D:5      | 4770 ||| IDENTIFYING sedimented purple potion
  4771 | D:5      | 4771 ||| DROPPING potion of brilliance.
  4856 | D:6      | Found Zettil's Weapon Shop.
  4859 | D:6      | Reached skill level 1 in Dodging
  4870 | D:6      | Identified the +3 leather armour of Mumblety Peg {rF+
                  | Regen+ Stlth-}
  4872 | D:6      | 4872 ||| Stepping ~*~*~tactically~*~*~ (stealth).
  4949 | D:6      | Found a shimmering altar of Xom.
  5025 | D:6      | 5025 ||| Stepping ~*~*~tactically~*~*~ (hiding).
  5026 | D:6      | 5026 ||| Stepping ~*~*~tactically~*~*~ (hiding).
  5147 | D:6      | Reached XP level 9. HP: 51/54 MP: 9/9
  5220 | D:6      | 5220 ||| Stepping ~*~*~tactically~*~*~ (stealth).
  5284 | D:6      | 5284 ||| Stepping ~*~*~tactically~*~*~ (hiding).
  5314 | D:6      | 5314 ||| Stepping ~*~*~tactically~*~*~ (hiding).
  5442 | D:6      | Found a shimmering blue altar of Sif Muna.
  5446 | D:6      | Found an ornate altar of the Wu Jian Council.
  5694 | D:6      | 5694 ||| READING scroll labelled NOOPEY REFA.
  5695 | D:6      | 5695 ||| READING scroll labelled USTUKACOTOY.
  5767 | D:7      | HP: 10/55 [wight/+2 halberd (6)]
  5768 | D:7      | 5768 ||| READING scroll of teleportation.
  5769 | D:7      | 5769 ||| DRINKING 2 potions of heal wounds.
  5785 | D:7      | Reached skill level 6 in Fighting
  5854 | D:7      | 5854 ||| Stepping ~*~*~tactically~*~*~ (stealth).
  5861 | D:7      | 5861 ||| Stepping ~*~*~tactically~*~*~ (stealth).
  5862 | D:7      | 5862 ||| Stepping ~*~*~tactically~*~*~ (stealth).
  5878 | D:7      | Found a bloodstained altar of Trog.
  5878 | D:7      | Found an iron altar of Okawaru.
  5879 | D:7      | 5879 ||| PLANNING OKAWARU WORSHIP
  5879 | D:7      | Found a snail-covered altar of Cheibriados.
  5886 | D:7      | Became a worshipper of Warmaster Okawaru
  5887 | D:7      | 5887 ||| PLANNING D:1-11
  6121 | D:7      | 6121 ||| DROPPING +0 flail.
  6490 | D:7      | 6490 ||| Stepping ~*~*~tactically~*~*~ (hiding).
  6660 | D:8      | 6660 ||| Stepping ~*~*~tactically~*~*~ (stealth).
  6663 | D:8      | 6663 ||| Stepping ~*~*~tactically~*~*~ (stealth).
  6671 | D:8      | Reached XP level 10. HP: 60/60 MP: 10/10
  6674 | D:8      | Reached * piety under Okawaru
  6675 | D:8      | 6675 ||| INVOKING Heroism.
  6737 | D:8      | You fall into a shaft and drop 3 floors!
  6816 | D:11     | 6816 ||| DROPPING +3 leather armour of Mumblety Peg {rF+
                  | Regen+ Stlth-}.
  6817 | D:11     | 6817 ||| UPGRADING to +0 plate armour.
  6827 | D:11     | 6827 ||| DROPPING +0 chain mail.
  6828 | D:11     | 6828 ||| READING 2 scrolls of enchant armour.
  6828 | D:11     | 6828 ||| ENCHANTING +0 plate armour.
  6829 | D:11     | 6829 ||| READING scroll of enchant armour.
  6829 | D:11     | 6829 ||| ENCHANTING +1 plate armour.
  6837 | D:10     | Entered Level 10 of the Dungeon
  6912 | D:10     | 6912 ||| INVOKING Heroism.
  7003 | D:10     | 7003 ||| Stepping ~*~*~tactically~*~*~ (hiding).
  7015 | D:10     | 7015 ||| INVOKING Heroism.
  7104 | D:9      | Found a staircase to the Lair.
  7163 | D:9      | 7163 ||| DROPPING scarf of harm.
  7164 | D:9      | 7164 ||| DRINKING 2 fuming red potions.
  7187 | D:8      | 7187 ||| Stepping ~*~*~tactically~*~*~ (hiding).
  7188 | D:8      | 7188 ||| Stepping ~*~*~tactically~*~*~ (hiding).
  7189 | D:8      | 7189 ||| Stepping ~*~*~tactically~*~*~ (hiding).
  7200 | D:8      | Reached skill level 1 in Invocations
  7247 | D:8      | 7247 ||| Stepping ~*~*~tactically~*~*~ (stealth).
  7251 | D:8      | 7251 ||| INVOKING Heroism.
  7338 | D:8      | 7338 ||| DRINKING potion of curing.
  7338 | D:8      | 7338 ||| (to cure confusion)
  7341 | D:8      | 7341 ||| INVOKING Heroism.
  7405 | D:8      | 7405 ||| READING scroll of enchant armour.
  7405 | D:8      | 7405 ||| ENCHANTING +2 plate armour.
  7714 | D:8      | 7714 ||| PLANNING LAIR
  7714 | D:8      | 7714 ||| UPGRADING to +2 kite shield.
  7724 | D:8      | 7724 ||| DROPPING +0 kite shield.
  7725 | D:8      | 7725 ||| READING 3 scrolls labelled QEOHUN PEIGG.
  7726 | D:8      | 7726 ||| READING scroll labelled YNULUN ERENG.
  7727 | D:8      | 7727 ||| DRINKING 2 metallic sapphire potions.
  7728 | D:8      | 7728 ||| READING 2 scrolls of identify.
  7728 | D:8      | 7728 ||| IDENTIFYING green potion
  7729 | D:8      | 7729 ||| DROPPING 2 scrolls of fear.
  7799 | Lair:1   | Entered Level 1 of the Lair of Beasts
  7863 | Lair:1   | Noticed a cane toad
  7864 | Lair:1   | 7864 ||| Stepping ~*~*~tactically~*~*~ (stealth).
  7869 | Lair:1   | Killed a cane toad
  7870 | Lair:1   | Reached skill level 9 in Shields
  7883 | Lair:1   | 7883 ||| READING scroll of enchant weapon.
  7883 | Lair:1   | 7883 ||| ENCHANTING +3 war axe of freezing.
  7916 | Lair:1   | 7916 ||| INVOKING Heroism.
  8007 | Lair:1   | Noticed a cane toad
  8008 | Lair:1   | 8008 ||| INVOKING Heroism.
  8016 | Lair:1   | Killed a cane toad
  8035 | Lair:1   | 8035 ||| Stepping ~*~*~tactically~*~*~ (stealth).
  8044 | Lair:1   | Reached XP level 11. HP: 67/67 MP: 11/13
  8050 | Lair:1   | Reached skill level 3 in Invocations
  8054 | Lair:1   | 8054 ||| INVOKING Heroism.
  8141 | Lair:1   | 8141 ||| INVOKING Heroism.
  8164 | Lair:1   | 8164 ||| INVOKING Heroism.
  8347 | Lair:1   | 8347 ||| INVOKING Heroism.
  8766 | Lair:1   | 8766 ||| READING scroll labelled KOQIYX JOAROS.
  8767 | Lair:1   | 8767 ||| READING scroll labelled JAHALU OBOUTIC.
  8868 | Lair:1   | 8868 ||| READING scroll labelled IPNEBO GIUCOCS.
  8869 | Lair:1   | 8869 ||| DRINKING 2 grey potions.
  8891 | Lair:2   | 8891 ||| Stepping ~*~*~tactically~*~*~ (stealth).
  8896 | Lair:2   | 8896 ||| Stepping ~*~*~tactically~*~*~ (stealth).
  8898 | Lair:2   | 8898 ||| INVOKING Heroism.
  8916 | Lair:2   | Reached ** piety under Okawaru
  8917 | Lair:2   | Reached skill level 10 in Axes
  8938 | Lair:2   | Reached skill level 6 in Armour
  9007 | Lair:2   | Noticed a skyshark
  9021 | Lair:2   | Killed a skyshark
  9021 | Lair:2   | Reached *** piety under Okawaru
  9083 | Lair:2   | 9083 ||| INVOKING Heroism.
  9085 | Lair:2   | 9085 ||| Stepping ~*~*~tactically~*~*~ (stealth).
  9100 | Lair:2   | 9100 ||| Stepping ~*~*~tactically~*~*~ (stealth).
  9102 | Lair:2   | 9102 ||| Stepping ~*~*~tactically~*~*~ (stealth).
  9235 | Lair:2   | Noticed Urug
  9236 | Lair:2   | 9236 ||| Stepping ~*~*~tactically~*~*~ (stealth).
  9237 | Lair:2   | 9237 ||| Stepping ~*~*~tactically~*~*~ (stealth).
  9238 | Lair:2   | 9238 ||| Stepping ~*~*~tactically~*~*~ (stealth).
  9239 | Lair:2   | 9239 ||| INVOKING Heroism.
  9251 | Lair:2   | Killed Urug
  9332 | Lair:2   | Found a hole to the Spider Nest.
  9349 | Lair:2   | 9349 ||| INVOKING Heroism.
  9375 | Lair:2   | Found a staircase to the Shoals.
  9698 | Lair:2   | 9698 ||| DROPPING +2 mace of draining.
  9718 | Lair:2   | Reached skill level 11 in Axes
  9724 | Lair:2   | Reached **** piety under Okawaru
 10010 | Lair:2   | 10010 ||| UPGRADING to ring of positive energy.
 10031 | Lair:3   | 10031 ||| INVOKING Heroism.
 10039 | Lair:3   | Reached XP level 12. HP: 73/73 MP: 12/15
 10101 | Lair:3   | 10101 ||| Stepping ~*~*~tactically~*~*~ (stealth).
 10102 | Lair:3   | 10102 ||| INVOKING Heroism.
 10103 | Lair:3   | 10103 ||| Stepping ~*~*~tactically~*~*~ (stealth).
 10158 | Lair:3   | Received a gift from Okawaru
 10418 | Lair:3   | 10418 ||| INVOKING Heroism.
 10442 | Lair:3   | Reached skill level 6 in Invocations
 10497 | Lair:3   | 10497 ||| FLEEEEING.
 10498 | Lair:3   | 10498 ||| FLEEEEING.
 10499 | Lair:3   | 10499 ||| FLEEEEING.
 10500 | Lair:3   | 10500 ||| FLEEEEING.
 10501 | Lair:3   | 10501 ||| FLEEEEING.
 10502 | Lair:3   | 10502 ||| FLEEEEING.
 10505 | Lair:3   | 10505 ||| STAIRDANCE
 10832 | Lair:4   | Reached ***** piety under Okawaru
 10844 | Lair:4   | Received a gift from Okawaru
 11014 | Lair:4   | 11014 ||| Stepping ~*~*~tactically~*~*~ (stealth).
 11031 | Lair:4   | Reached skill level 9 in Fighting
 11143 | Lair:4   | 11143 ||| INVOKING Heroism.
 11209 | Lair:4   | Found a viscous altar of Jiyva.
 11209 | Lair:4   | Found a staircase to the Slime Pits.
 11225 | Lair:4   | Found a runed translucent gate.
 11226 | Lair:4   | Found a runed translucent gate.
 11227 | Lair:4   | Found a runed translucent gate.
 11228 | Lair:4   | Noticed qw's ghost (journeyman GrFi)
 11428 | Lair:4   | Found a dark tunnel.
 11709 | Lair:4   | 11709 ||| INVOKING Heroism.
 11711 | Lair:4   | Received a gift from Okawaru
 11898 | Lair:4   | 11898 ||| READING scroll labelled ZAWOAR YRAACWI.
 11899 | Lair:4   | 11899 ||| READING 3 scrolls of identify.
 11899 | Lair:4   | 11899 ||| IDENTIFYING fuming white potion
 11940 | Lair:5   | Entered Level 5 of the Lair of Beasts
 11946 | Lair:5   | 11946 ||| Stepping ~*~*~tactically~*~*~ (stealth).
 11947 | Lair:5   | 11947 ||| Stepping ~*~*~tactically~*~*~ (stealth).
 11950 | Lair:5   | Found a stormy altar of Qazlal.
 11952 | Lair:5   | 11952 ||| INVOKING Heroism.
 11975 | Lair:5   | Received a gift from Okawaru
 11984 | Lair:5   | Reached XP level 13. HP: 67/80 MP: 19/19
 12069 | Lair:5   | 12069 ||| Stepping ~*~*~tactically~*~*~ (stealth).
 12074 | Lair:5   | Reached skill level 9 in Invocations
 12084 | Lair:5   | 12084 ||| INVOKING Heroism.
 12176 | Lair:5   | Received a gift from Okawaru
 12267 | Lair:5   | Identified the +1 falchion "Feol" {pain, rC+ rCorr Int+3
                  | Dex+3}
 12275 | Lair:5   | 12275 ||| INVOKING Heroism.
 12284 | Lair:5   | Reached skill level 12 in Axes
 12289 | Lair:5   | 12289 ||| INVOKING Heroism.
 12515 | Lair:5   | 12515 ||| FLEEEEING.
 12516 | Lair:5   | 12516 ||| FLEEEEING.
 12525 | Lair:5   | 12525 ||| INVOKING Heroism.
 12531 | Lair:5   | 12531 ||| INVOKING Finesse.
 12548 | Lair:5   | Received a gift from Okawaru
 12558 | Lair:5   | Reached ****** piety under Okawaru
 12560 | Lair:5   | Identified the +4 ring mail of the Lion {Regen+} (Okawaru
                  | gifted it to you on level 5 of the Lair of Beasts)
 12560 | Lair:5   | Received a gift from Okawaru
 12570 | Lair:5   | Noticed a fire dragon
 12580 | Lair:5   | HP: 8/82 [fire dragon/blast of flame (23)]
 12581 | Lair:5   | 12581 ||| READING 3 scrolls of teleportation.
 12582 | Lair:5   | 12582 ||| DRINKING 5 potions of heal wounds.
 12588 | Lair:5   | HP: 19/82 [fire dragon/blast of flame (11)]
 12589 | Lair:5   | 12589 ||| DRINKING 4 potions of heal wounds.
 12838 | Lair:5   | 12838 ||| INVOKING Heroism.
 12949 | Lair:5   | 12949 ||| Stepping ~*~*~tactically~*~*~ (stealth).
 12950 | Lair:5   | 12950 ||| Stepping ~*~*~tactically~*~*~ (stealth).
 12985 | Lair:5   | 12985 ||| Stepping ~*~*~tactically~*~*~ (water).
 12997 | Lair:5   | 12997 ||| INVOKING Heroism.
 12998 | Lair:5   | 12998 ||| INVOKING Finesse.
 13011 | Lair:5   | Killed a fire dragon
 13277 | Lair:5   | Noticed Nessos
 13278 | Lair:5   | 13278 ||| INVOKING Finesse.
 13282 | Lair:5   | 13282 ||| INVOKING Heroism.
 13287 | Lair:5   | Killed Nessos
 13288 | Lair:5   | Gained mutation: Your large and strong wings let you fly.
                  | [Gargoyle growth]
 13288 | Lair:5   | Reached XP level 14. HP: 53/88 MP: 14/21
 13333 | Lair:5   | 13333 ||| Stepping ~*~*~tactically~*~*~ (stealth).
 13865 | Lair:5   | 13865 ||| PLANNING D:1-11
 13865 | Lair:5   | 13865 ||| UPGRADING to +0 pair of boots.
 13870 | Lair:5   | 13870 ||| DROPPING amulet of reflection.
 13871 | Lair:5   | 13871 ||| UPGRADING to +6 ring of dexterity.
 13873 | Lair:5   | 13873 ||| UPGRADING to +6 ring of strength.
 13875 | Lair:5   | 13875 ||| DROPPING ring of positive energy.
 13876 | Lair:5   | 13876 ||| UPGRADING to ring of protection from cold.
 13878 | Lair:5   | 13878 ||| READING 3 scrolls of identify.
 13878 | Lair:5   | 13878 ||| IDENTIFYING sedimented orange potion
 13879 | Lair:5   | 13879 ||| DROPPING potion of ambrosia.
 14117 | D:9      | Reached skill level 13 in Axes
 14170 | D:9      | 14170 ||| Stepping ~*~*~tactically~*~*~ (stealth).
 14218 | D:9      | 14218 ||| Stepping ~*~*~tactically~*~*~ (stealth).
 14226 | D:9      | 14226 ||| Stepping ~*~*~tactically~*~*~ (stealth).
 14240 | D:9      | 14240 ||| Stepping ~*~*~tactically~*~*~ (stealth).
 14242 | D:9      | 14242 ||| Stepping ~*~*~tactically~*~*~ (hiding).
 14243 | D:9      | 14243 ||| Stepping ~*~*~tactically~*~*~ (hiding).
 14244 | D:9      | 14244 ||| Stepping ~*~*~tactically~*~*~ (hiding).
 14245 | D:9      | 14245 ||| Stepping ~*~*~tactically~*~*~ (hiding).
 14619 | D:9      | 14619 ||| Stepping ~*~*~tactically~*~*~ (stealth).
 14620 | D:9      | 14620 ||| Stepping ~*~*~tactically~*~*~ (stealth).
 14625 | D:9      | 14625 ||| Stepping ~*~*~tactically~*~*~ (hiding).
 14936 | D:9      | 14936 ||| UPGRADING to amulet of faith.
 14946 | D:9      | 14946 ||| READING 3 scrolls of identify.
 14946 | D:9      | 14946 ||| IDENTIFYING purple potion
 15005 | D:10     | Reached skill level 9 in Armour
 15313 | D:10     | Found a staircase to the Orcish Mines.
 15314 | D:10     | 15314 ||| Stepping ~*~*~tactically~*~*~ (hiding).
 15336 | D:10     | 15336 ||| INVOKING Heroism.
 15522 | D:10     | Found Hiclinea's Weapon Shoppe.
 15531 | D:10     | 15531 ||| Stepping ~*~*~tactically~*~*~ (stealth).
 15647 | D:11     | Noticed Snorg
 15648 | D:11     | 15648 ||| INVOKING Heroism.
 15649 | D:11     | 15649 ||| INVOKING Finesse.
 15660 | D:11     | Killed Snorg
 15766 | D:11     | 15766 ||| Stepping ~*~*~tactically~*~*~ (hiding).
 15767 | D:11     | 15767 ||| Stepping ~*~*~tactically~*~*~ (hiding).
 15768 | D:11     | 15768 ||| Stepping ~*~*~tactically~*~*~ (hiding).
 15769 | D:11     | 15769 ||| Stepping ~*~*~tactically~*~*~ (hiding).
 16027 | D:11     | 16027 ||| SWAPPING to +0 broad axe.
 16033 | D:11     | 16033 ||| INVOKING Heroism.
 16144 | D:11     | 16144 ||| DROPPING +4 war axe of freezing.
 16437 | D:11     | 16437 ||| PLANNING D
 16466 | D:12     | 16466 ||| STAIRDANCE
 16474 | D:11     | Identified the +1 hat "Beunnang" {rF+ rC+} (Okawaru gifted
                  | it to you on level 11 of the Dungeon)
 16474 | D:11     | Received a gift from Okawaru
 16503 | D:11     | 16503 ||| UPGRADING to +1 hat "Beunnang" {rF+ rC+}.
 16513 | D:11     | 16513 ||| UPGRADING to +6 ring of dexterity.
 16535 | D:12     | Noticed Rupert
 16536 | D:12     | 16536 ||| INVOKING Heroism.
 16537 | D:12     | 16537 ||| DRINKING 2 potions of curing.
 16537 | D:12     | 16537 ||| (to cure confusion)
 16538 | D:12     | 16538 ||| INVOKING Finesse.
 16559 | D:12     | Killed Rupert
 16694 | D:12     | Reached skill level 3 in Dodging
 16720 | D:12     | 16720 ||| Stepping ~*~*~tactically~*~*~ (stealth).
 16722 | D:12     | 16722 ||| Stepping ~*~*~tactically~*~*~ (hiding).
 16739 | D:12     | 16739 ||| INVOKING Heroism.
 16988 | D:12     | 16988 ||| Stepping ~*~*~tactically~*~*~ (hiding).
 16989 | D:12     | 16989 ||| Stepping ~*~*~tactically~*~*~ (hiding).
 17081 | D:12     | 17081 ||| Stepping ~*~*~tactically~*~*~ (hiding).
 17082 | D:12     | 17082 ||| Stepping ~*~*~tactically~*~*~ (hiding).
 17122 | D:12     | Noticed Fannar
 17123 | D:12     | 17123 ||| FLEEEEING.
 17133 | D:12     | Noticed Josephine
 17145 | D:12     | Killed Fannar
 17146 | D:12     | Reached skill level 14 in Axes
 17148 | D:12     | Killed Josephine
 17240 | D:12     | Found a runed translucent door.
 17240 | D:12     | Noticed a frost giant
 18626 | D:13     | Found Nisuam's General Store.
 18835 | D:13     | Identified the +7 falchion of Infection {flame, rC++}
 18857 | D:13     | 18857 ||| READING scroll of enchant weapon.
 18857 | D:13     | 18857 ||| ENCHANTING +0 broad axe.
 18879 | D:13     | 18879 ||| Stepping ~*~*~tactically~*~*~ (stealth).
 18881 | D:13     | 18881 ||| Stepping ~*~*~tactically~*~*~ (stealth).
 18893 | D:13     | 18893 ||| INVOKING Heroism.
 18912 | D:13     | 18912 ||| INVOKING Heroism.
 18914 | D:13     | Paralysed by an ogre mage for 2 turns
 18921 | D:13     | HP: 12/90 [something/bolt of magma (25)]
 18922 | D:13     | 18922 ||| READING 6 scrolls of teleportation.
 18923 | D:13     | 18923 ||| DRINKING 4 potions of heal wounds.
 19096 | D:13     | 19096 ||| INVOKING Heroism.
 19130 | D:13     | 19130 ||| Stepping ~*~*~tactically~*~*~ (hiding).
 19131 | D:13     | 19131 ||| Stepping ~*~*~tactically~*~*~ (hiding).
 19134 | D:13     | 19134 ||| Stepping ~*~*~tactically~*~*~ (hiding).
 19270 | D:13     | 19270 ||| Stepping ~*~*~tactically~*~*~ (stealth).
 19348 | D:13     | Found a gate to the Vaults.
 19379 | D:13     | 19379 ||| Stepping ~*~*~tactically~*~*~ (hiding).
 19380 | D:13     | 19380 ||| INVOKING Heroism.
 19553 | D:13     | 19553 ||| INVOKING Heroism.
 19558 | D:13     | Reached skill level 12 in Shields
 19756 | D:13     | 19756 ||| DRINKING 2 fizzy black potions.
 19861 | D:13     | 19861 ||| DROPPING potion of berserk rage.
 19901 | D:14     | 19901 ||| Stepping ~*~*~tactically~*~*~ (stealth).
 19902 | D:14     | 19902 ||| Stepping ~*~*~tactically~*~*~ (stealth).
 19911 | D:14     | Gained mutation: Your magical capacity is low. (-10% MP) [a
                  | neqoxec]
 19946 | D:14     | 19946 ||| Stepping ~*~*~tactically~*~*~ (hiding).
 19957 | D:14     | Reached XP level 15. HP: 94/94 MP: 20/20
 19960 | D:14     | 19960 ||| Stepping ~*~*~tactically~*~*~ (stealth).
 19964 | D:14     | 19964 ||| Stepping ~*~*~tactically~*~*~ (stealth).
 20050 | D:14     | 20050 ||| Stepping ~*~*~tactically~*~*~ (stealth).
 20083 | D:14     | 20083 ||| INVOKING Heroism.
 20096 | D:14     | 20096 ||| Stepping ~*~*~tactically~*~*~ (stealth).
 20110 | D:14     | 20110 ||| Stepping ~*~*~tactically~*~*~ (stealth).
 20111 | D:14     | 20111 ||| FLEEEEING.
 20112 | D:14     | 20112 ||| FLEEEEING.
 20114 | D:14     | 20114 ||| FLEEEEING.
 20115 | D:14     | 20115 ||| FLEEEEING.
 20124 | D:14     | 20124 ||| FLEEEEING.
 20125 | D:14     | 20125 ||| STAIRDANCE
 20202 | D:14     | 20202 ||| STAIRDANCE
 20204 | D:13     | 20204 ||| INVOKING Heroism.
 20205 | D:13     | 20205 ||| SWAPPING to +0 demon whip.
 20206 | D:13     | 20206 ||| INVOKING Finesse.
 20213 | D:13     | 20213 ||| SWAPPING to +1 broad axe.
 20324 | D:14     | 20324 ||| Stepping ~*~*~tactically~*~*~ (stealth).
 20328 | D:14     | 20328 ||| Stepping ~*~*~tactically~*~*~ (stealth).
 20347 | D:14     | 20347 ||| INVOKING Heroism.
 20437 | D:14     | Noticed Kirke
 20438 | D:14     | 20438 ||| FLEEEEING.
 20439 | D:14     | 20439 ||| FLEEEEING.
 20488 | D:14     | 20488 ||| Stepping ~*~*~tactically~*~*~ (stealth).
 20502 | D:14     | 20502 ||| INVOKING Heroism.
 20506 | D:14     | 20506 ||| Stepping ~*~*~tactically~*~*~ (stealth).
 20530 | D:14     | 20530 ||| DRINKING potion of cancellation.
 20534 | D:14     | Killed Kirke
 20535 | D:14     | Reached skill level 15 in Axes
 20702 | D:14     | Noticed Azrael
 20703 | D:14     | 20703 ||| INVOKING Heroism.
 20710 | D:14     | 20710 ||| INVOKING Finesse.
 20721 | D:14     | Killed Azrael
 20731 | D:14     | 20731 ||| INVOKING Heroism.
 20738 | D:14     | Received a gift from Okawaru
 21022 | D:14     | Found a portal to a secret trove of treasure.
 21091 | D:14     | 21091 ||| Stepping ~*~*~tactically~*~*~ (stealth).
 21116 | D:14     | Reached skill level 12 in Fighting
 21149 | D:14     | 21149 ||| UPGRADING to +0 cloak.
 21178 | D:15     | Entered Level 15 of the Dungeon
 21179 | D:15     | 21179 ||| INVOKING Heroism.
 21205 | D:15     | Received a gift from Okawaru
 21300 | D:15     | 21300 ||| DROPPING +1 flail of holy wrath.
 21301 | D:15     | 21301 ||| DROPPING +4 flail.
 21302 | D:15     | 21302 ||| DROPPING +0 demon whip.
 21332 | D:15     | 21332 ||| Stepping ~*~*~tactically~*~*~ (hiding).
 21409 | D:15     | 21409 ||| Stepping ~*~*~tactically~*~*~ (hiding).
 21456 | D:15     | 21456 ||| Stepping ~*~*~tactically~*~*~ (hiding).
 21458 | D:15     | 21458 ||| INVOKING Heroism.
 21459 | D:15     | 21459 ||| SWAPPING to +2 hand axe of flaming.
 21477 | D:15     | 21477 ||| SWAPPING to +1 broad axe.
 21491 | D:15     | Received a gift from Okawaru
 21497 | D:15     | 21497 ||| INVOKING Heroism.
 21500 | D:15     | 21500 ||| Stepping ~*~*~tactically~*~*~ (hiding).
 21512 | D:15     | 21512 ||| Stepping ~*~*~tactically~*~*~ (hiding).
 21887 | D:15     | 21887 ||| Stepping ~*~*~tactically~*~*~ (hiding).
 21891 | D:15     | 21891 ||| INVOKING Heroism.
 21999 | D:15     | Found a staircase to the Depths.
 22443 | D:15     | 22443 ||| PLANNING ORC
 22636 | Orc:1    | Entered Level 1 of the Orcish Mines
 22665 | Orc:1    | 22665 ||| INVOKING Heroism.
 22697 | Orc:1    | 22697 ||| FLEEEEING.
 22698 | Orc:1    | 22698 ||| FLEEEEING.
 22701 | Orc:1    | 22701 ||| STAIRDANCE
 22819 | Orc:1    | 22819 ||| INVOKING Heroism.
 23130 | Orc:2    | Entered Level 2 of the Orcish Mines
 23148 | Orc:1    | 23148 ||| INVOKING Heroism.
 23446 | Orc:1    | Received a gift from Okawaru
 23516 | Orc:2    | 23516 ||| Stepping ~*~*~tactically~*~*~ (hiding).
 23517 | Orc:2    | 23517 ||| Stepping ~*~*~tactically~*~*~ (hiding).
 23632 | Orc:2    | 23632 ||| INVOKING Heroism.
 23654 | Orc:2    | Found Eceihobe's Distillery.
 23658 | Orc:2    | 23658 ||| Stepping ~*~*~tactically~*~*~ (stealth).
 23661 | Orc:2    | Found Ululeghi's General Store.
 23670 | Orc:2    | 23670 ||| Stepping ~*~*~tactically~*~*~ (hiding).
 23682 | Orc:2    | 23682 ||| Stepping ~*~*~tactically~*~*~ (hiding).
 23738 | Orc:2    | 23738 ||| Stepping ~*~*~tactically~*~*~ (stealth).
 23751 | Orc:2    | 23751 ||| BUYING potion of haste (160 gold).
 23751 | Orc:2    | Bought a potion of haste for 160 gold pieces
 23751 | Orc:2    | 23751 ||| BUYING potion of lignification (48 gold).
 23751 | Orc:2    | Bought a potion of lignification for 48 gold pieces
 23751 | Orc:2    | 23751 ||| BUYING potion of might (64 gold).
 23751 | Orc:2    | Bought a potion of might for 64 gold pieces
 23753 | Orc:2    | 23753 ||| BUYING potion of mutation (120 gold).
 23753 | Orc:2    | Bought a potion of mutation for 120 gold pieces
 23755 | Orc:2    | 23755 ||| Stepping ~*~*~tactically~*~*~ (stealth).
 23760 | Orc:2    | 23760 ||| Stepping ~*~*~tactically~*~*~ (stealth).
 23761 | Orc:2    | 23761 ||| Stepping ~*~*~tactically~*~*~ (stealth).
 23777 | Orc:2    | Found a staircase to the Elven Halls.
 23877 | Orc:2    | 23877 ||| INVOKING Heroism.
 23939 | Orc:2    | 23939 ||| UPGRADING to +4 plate armour.
 23949 | Orc:2    | 23949 ||| DROPPING +3 plate armour.
 23951 | Orc:2    | 23951 ||| Stepping ~*~*~tactically~*~*~ (stealth).
 23954 | Orc:2    | 23954 ||| Stepping ~*~*~tactically~*~*~ (stealth).
 23961 | Orc:2    | Reached skill level 16 in Axes
 24010 | Orc:1    | 24010 ||| Stepping ~*~*~tactically~*~*~ (stealth).
 24028 | Orc:1    | 24028 ||| INVOKING Heroism.
 24397 | Orc:2    | Received a gift from Okawaru
 24405 | Orc:2    | 24405 ||| INVOKING Heroism.
 24414 | Orc:2    | Gained mutation: Armour fits poorly on your strangely
                  | shaped body. [a neqoxec]
 24427 | Orc:2    | HP: 15/96 [orc high priest/+4 trident (12)]
 24428 | Orc:2    | 24428 ||| READING 8 scrolls of teleportation.
 24428 | Orc:2    | HP: 5/96 [orc knight/+3 bardiche (11)]
 24428 | Orc:2    | Killed from afar by an orc priest

Levels and vault maps discovered:
D:1:      roderic_chinese_lattice_arrival, layout_loops_ring,
          chequers_serial_rivers_marsh, st_stairs_13
D:2:      layout_basic, nicolae_ecumenical_pavilion
D:3:      layout_loops_corners, uniq_terence
D:4:      layout_basic, mainiacjoe_overflow_boulevard, temple_statues,
          serial_shops, nicolae_shop_advertising_works
          [nicolae_subvault_shop_adworks], nicolae_shop_clearance, uniq_robin,
          uniq_pikel
D:5:      layout_basic, amcnicky_altar_gilded, evilmike_ruin_ashenzari,
          serial_shops, nicolae_shop_waterfront
D:6:      layout_loops_ring, lemuel_crystal_altar, minitemple, serial_shops,
          shop, minmay_misc_feat_five
D:7:      layout_loops_ring, gammafunk_temple_overflow_claw
D:8:      layout_basic, dreamdust_gnoll_shepherd
D:9:      layout_roguey, lair_entry_dummy, minmay_misc_feat_roman,
          minmay_mirror_moons_of_madness
D:10:     layout_loops_ring, david_orc_2, serial_shops,
          nicolae_shop_tiny_statue_garden
D:11:     layout_basic, hex_intersection, uniq_snorg
D:12:     layout_gridville, minmay_strange_pillars, kennysheep_treasure_room,
          uniq_rupert, uniq_josephine, uniq_fannar
D:13:     layout_cave_pools, hangedman_vaults_entry_quadrant_bands,
          serial_shops, shop
D:14:     layout_rooms, enter_trove_6, chequers_serial_rivers_micro_a,
          dreamdust_mushroom_princess, uniq_kirke, uniq_azrael
D:15:     grunt_enter_depths_hoard, layout_loops_ring, serial_aquarium,
          aquarium_bridge_island_large [aquarium_subvault_large_water,
          aquarium_subvault_bridge, aquarium_subvault_bridge,
          aquarium_subvault_window, aquarium_subvault_bridge],
          aquarium_bridge_square [aquarium_subvault_window,
          aquarium_subvault_wall, aquarium_subvault_bridge,
          aquarium_subvault_bridge], aquarium_window_corner,
          aquarium_window_corner, aquarium_window_corner, aquarium_view_2e,
          aquarium_pool_corner
Temple:   dshaligram_water_room_temple
Lair:1:   layout_chaotic_city, grunt_megastairs_3
Lair:2:   layout_cave_pods, shoals_dummy_entry, spider_nest_entry_rubble,
          forest_entry_grove, lemuel_fruit_tree, uniq_urug
Lair:3:   layout_hall_layers, grunt_megastairs_4, infiniplex_staircase_pool_2,
          serial_bayou_shore_b
Lair:4:   layout_cave_pods, dpeg_slime_entry_corner, ebering_ghost_rock_garden,
          lightli_volcano_entry_magma_tube
Lair:5:   guppyfry_lair_end_dragon, layout_cave_pods,
          hangedman_lair_tendril_chambers, basic_altar, uniq_nessos
Orc:1:    layout_caves, nooodl_orcs_dogs
Orc:2:    pf_orc_diabolical, layout_caves

Skill      XL: |  1  2  3  4  5  6  7  8  9 10 11 12 13 14 15 |
---------------+----------------------------------------------+-----
Axes           | 2 3 9 11 12 14 16 | 16.0
Throwing       | 9 |  9.7
Shields        | 5 6 8 9 10 12 | 12.7
Fighting       | 4 5 6 7 8 9 10 11 12 | 12.0
Dodging        | 1 2 4 |  4.0
Armour         | 4 5 6 7 8 9 10 | 10.0
Invocations    | 2 4 8 10 | 10.0

Action                     |  1- 3 |  4- 6 |  7- 9 | 10-12 | 13-15 || total
---------------------------+-------+-------+-------+-------+-------++-------
  Melee: War axe           |    36 |    83 |   256 |   401 |   314 ||  1090
         Broad axe         |       |       |       |       |   716 ||   716
         Hand axe          |       |       |       |       |    17 ||    17
         Demon whip        |       |       |       |       |     6 ||     6
  Throw: Javelin           |    12 |    42 |    53 |   105 |   134 ||   346
         Boomerang         |       |       |       |     5 |   106 ||   111
 Invoke: Heroism           |       |       |       |    21 |    34 ||    55
         Finesse           |       |       |       |       |     7 ||     7
    Use: Scroll            |     2 |     6 |    13 |    12 |     6 ||    39
         Potion            |     1 |     1 |     1 |     4 |     6 ||    13
   Stab: Petrifying        |       |       |       |       |     2 ||     2
         Petrified         |       |       |       |       |     1 ||     1
 Armour: Scale mail        |    12 |       |       |       |       ||    12
         Chain mail        |       |    41 |    83 |       |       ||   124
         Plate armour      |       |       |       |   163 |   492 ||   655
  Dodge: Dodged            |    23 |    22 |    66 |    64 |   252 ||   427
  Block: Buckler           |     8 |     4 |       |       |       ||    12
         Kite shield       |       |    20 |   120 |   284 |   721 ||  1145
         Reflection        |       |       |     2 |     5 |    10 ||    17

Table legend:
 A = Non-vault XP
 B = Vault XP
 C = Vault XP percentage of total XP
 D = Non-vault monster count
 E = Vault monster count
 F = Vault count percentage of total count
                 A         B        C        D         E       F
            +---------+---------+-------+---------+---------+-------
      Total |   82940 |   45570 |  35.5 |     492 |     191 |  28.0
            +---------+---------+-------+---------+---------+-------
        D:1 |      35 |       2 |   5.4 |      22 |       1 |   4.3
        D:2 |      45 |       0 |   0.0 |      11 |       0 |   0.0
        D:3 |      70 |      36 |  34.0 |      25 |       1 |   3.8
        D:4 |     457 |     682 |  59.9 |      21 |      10 |  32.3
        D:5 |     483 |       0 |   0.0 |      13 |       0 |   0.0
        D:6 |    1338 |       0 |   0.0 |      26 |       0 |   0.0
        D:7 |    1265 |       0 |   0.0 |      24 |       0 |   0.0
        D:8 |     883 |     544 |  38.1 |      23 |       3 |  11.5
        D:9 |    2656 |    1165 |  30.5 |      13 |       7 |  35.0
       D:10 |    3742 |     156 |   4.0 |      26 |       6 |  18.8
       D:11 |    2385 |     967 |  28.8 |       7 |       1 |  12.5
       D:12 |    4612 |    4436 |  49.0 |      14 |       7 |  33.3
       D:13 |    5037 |    6410 |  56.0 |      13 |      16 |  55.2
       D:14 |   14224 |    4318 |  23.3 |      35 |      14 |  28.6
       D:15 |   11031 |    1743 |  13.6 |      36 |       2 |   5.3
     Lair:1 |    2685 |    1391 |  34.1 |      13 |       7 |  35.0
     Lair:2 |    4481 |    2210 |  33.0 |      19 |       9 |  32.1
     Lair:3 |    2485 |    2581 |  50.9 |      12 |      10 |  45.5
     Lair:4 |    7817 |       0 |   0.0 |      26 |       0 |   0.0
     Lair:5 |   10132 |   14493 |  58.9 |      28 |      50 |  64.1
      Orc:1 |    3491 |     966 |  21.7 |      49 |      12 |  19.7
      Orc:2 |    3586 |    3470 |  49.2 |      36 |      35 |  49.3
            +---------+---------+-------+---------+---------+-------
